 Dungeon Crawl Stone Soup version 0.21.1-1-g345015f (webtiles) character file.

21 inc the Digger (level 2, 0/17 HPs)
             Began as an Octopode Earth Elementalist on June 12, 2018.
             Slain by Natasha (9 damage)
             ... on level 2 of the Dungeon.
             The game lasted 00:00:45 (709 turns).

inc the Digger (Octopode Earth Elementalist)         Turns: 709, Time: 00:00:47

Health: 0/17       AC:  1    Str:  7    XL:     2   Next: 83%
Magic:  5/5        EV: 13    Int: 17    God:
Gold:   65         SH:  0    Dex: 12    Spells: 4/5 levels left

rFire    . . .     SeeInvis .   i - +4 short sword (holy)
rCold    . . .     Gourm    .   (no shield)
rNeg     . . .     Faith    .   (helmet restricted)
rPois    .         Spirit   .   (no amulet)
rElec    .         Reflect  .   (no ring)
rCorr    .         Harm     .   (no ring)
MR       .....                  (no ring)
Stlth    +++.......             (no ring)
HPRegen  0.05/turn              (no ring)
MPRegen  0.09/turn              (no ring)
                                (no ring)
                                (no ring)

@: no status effects
A: almost no armour, stealthy swim, amphibious, 8 rings, constrict 8, camouflage
1, gelatinous body 1
a: no special abilities


You were on level 2 of the Dungeon.
You were not hungry.

You visited 1 branch of the dungeon, and saw 2 of its levels.

You collected 65 gold pieces.

Inventory:

Hand Weapons
 i - a +4 short sword of holy wrath (weapon)
Missiles
 b - 30 stones (quivered)
Scrolls
 e - a scroll of identify {unknown}
 g - a scroll of enchant armour {unknown}
Potions
 a - a potion of mutation {unknown}
 f - a potion of invisibility {unknown}
 h - 3 potions of degeneration {unknown}
Books
 d - a book of Geomancy

   Spells                             Type                      Level
   a - Sandblast                      Earth                        1
   b - Passwall                       Transmutation/Earth          2
   c - Stone Arrow                    Conjuration/Earth            3
   d - Petrify                        Transmutation/Earth          4
   e - Lee's Rapid Deconstruction     Earth                        5
Comestibles
 c - 2 rations


   Skills:
 - Level 2.0 Dodging
 - Level 2.6 Stealth
 - Level 2.0 Spellcasting
   Level 1.0 Transmutations
 + Level 4.0 Earth Magic


You had 4 spell levels left.
You knew the following spells:

 Your Spells              Type           Power        Failure   Level  Hunger
a - Sandblast             Erth           ###...       3%          1    #......


Dungeon Overview and Level Annotations

Branches:
Dungeon (2/15)

Altars:
Yredelemnul

Annotations:
D:2 Natasha


Innate Abilities, Weirdness & Mutations

You cannot wear most types of armour.
You are very stealthy in the water. (Stealth+)
You are amphibious.
You can wear up to eight rings at the same time.
You can use your tentacles to constrict eight enemies at once.
Your skin changes colour to match your surroundings (Stealth+).
Your rubbery body absorbs attacks. (AC +1, EV +1)


Message History

A goblin is nearby!
A goblin is nearby!
Found 20 arrows.
Natasha, Servant of Life and Death comes into view.
You see here a scroll labeled KIET JYTIUDY.
The helpless goblin fails to defend itself.
You hit the goblin.
You kill the goblin!
Your Earth Magic skill increases to level 4!
Found 14 gold pieces.
The helpless Natasha fails to defend herself.
You puncture Natasha! Your grab misses Natasha.
Natasha is heavily wounded.
Natasha casts a spell at you. The magic dart hits you!
You hit Natasha but do no damage. Your grab misses Natasha.
Natasha is heavily wounded.
Natasha claws you!
Ouch! That really hurt!
You die...

♣♣ ♣♣♣. ♣... ♣..## #
#..h#####$. .# ..
##..@.....# ##.#
...#.(...##### ....
#......## .?.
##...>.## ..#
.#...)?.#####..#...
#...####.........._.
##..# ####..#.#...
#....# ####.##
#.##..##.....#


You could see Natasha.

Vanquished Creatures
  A dart slug (D:1)
  2 bats (D:1)
  A giant cockroach (D:2)
  2 goblins
  2 hobgoblins (D:2)
  4 jackals (D:1)
  2 frilled lizards (D:1)
  2 rats
16 creatures vanquished.

Notes
Turn   | Place    | Note
-------+----------+-------------------------------------------
     0 | D:1      | inc the Octopode Earth Elementalist began the quest for the Orb.
     0 | D:1      | Reached XP level 1. HP: 11/11 MP: 3/3
   196 | D:1      | Reached XP level 2. HP: 13/17 MP: 5/5
   644 | D:1      | You fall through a shaft!
   697 | D:2      | Found a basalt altar of Yredelemnul.
   701 | D:2      | Noticed Natasha
   703 | D:2      | Reached skill level 4 in Earth Magic
   709 | D:2      | Slain by Natasha

Skill      XL: |  1  2 |
---------------+-------+-----
Earth Magic    | 4 |  4.0
Dodging        | |  2.0
Stealth        | |  2.6
Spellcasting   | |  2.0
Transmutations | |  1.0

Action                   || total
-------------------------++-------
Melee: Unarmed           ||    32
       Constrict         ||    11
       Tentacles         ||     8
       Short sword       ||    12
 Stab: Sleeping          ||     8
Armor: Skin              ||     9
Dodge: Dodged            ||    24
